 Dungeon Crawl Stone Soup version 0.20.1-1-g8b1a95d66d (webtiles) character file.

20442 Peloso the Carver (level 13, 0/89 HPs)
             Began as a Halfling Fighter on Nov 18, 2017.
             Was the Champion of Okawaru.
             Killed by the air
             ... invoked by Gastronok
              (16 damage)
             ... on level 2 of the Lair of Beasts.
             The game lasted 00:46:30 (17325 turns).

Peloso the Carver (Halfling Fighter)               Turns: 17325, Time: 00:46:31

Health: 0/89       AC: 20    Str: 21    XL:     13   Next: 12%
Magic:  11/13      EV: 14    Int:  9    God:    Okawaru [******]
Gold:   846        SH: 16    Dex: 19    Spells: 12/12 levels left

rFire    . . .     SeeInvis .   e - +6 demon blade (venom)
rCold    + . .     Gourm    .   c - +0 shield
rNeg     . . .     Faith    +   b - +0 plate armour
rPois    .         Spirit   .   u - +0 helmet
rElec    .         Reflect  .   (no cloak)
rCorr    .         Harm     .   H - +0 pair of gloves
MR       +....                  (no boots)
Stlth    ..........             C - amulet of faith
Regen    0.3/turn               P - ring "Remuemof" {rC+ Int+3 Dex+4 Stlth-}
MPRegen  0.2/turn               n - ring of protection from magic

@: heroism
A: mutation resistance 1
a: Heroism, Finesse, Renounce Religion


You were on level 2 of the Lair of Beasts.
You worshipped Okawaru.
Okawaru was exalted by your worship.
You were not hungry.

You visited 3 branches of the dungeon, and saw 15 of its levels.

You collected 846 gold pieces.

Inventory:

Hand Weapons
 e - a +6 demon blade of venom (weapon)
 S - the +2 scimitar "Ogreslayer" {protect, rPois Dex+2}
   (Okawaru gifted it to you on level 11 of the Dungeon)

   It protects the one who uses it against injury (+AC on strike).
   It affects your dexterity (+2).
   It protects you from poison.
Armour
 b - a +0 plate armour (worn)
 c - a +0 shield (worn)
 u - a +0 helmet (worn)
 H - a +0 pair of gloves (worn)
Jewellery
 n - a ring of protection from magic (right hand)
 v - an uncursed ring of ice
 w - a +5 amulet of reflection
 C - an amulet of faith (around neck)
 P - the ring "Remuemof" (left hand) {rC+ Int+3 Dex+4 Stlth-}
   (You found it on level 11 of the Dungeon)

   [ring of loudness]

   It affects your intelligence (+3).
   It affects your dexterity (+4).
   It protects you from cold.
   It makes you less stealthy.
Scrolls
 j - 2 scrolls of fear
 k - 2 scrolls of remove curse
 l - 5 scrolls of blinking
 x - 3 scrolls of recharging
 y - a scroll of magic mapping
 L - 2 scrolls of teleportation
 V - a scroll of random uselessness {unknown}
 W - a scroll of vulnerability {unknown}
Potions
 t - 2 potions of might
 z - 2 potions of haste
 A - 2 potions of agility
 E - a potion of flight
 G - a potion of invisibility
 J - a potion of ambrosia {unknown}
 M - 2 potions of berserk rage {unknown}
 N - a potion of magic {unknown}
Comestibles
 a - 8 chunks of flesh
 f - 12 bread rations
 i - 3 royal jellies
 p - 9 meat rations
 r - 14 fruits


   Skills:
 + Level 8.4(13.4) Fighting
 + Level 12.6(17.6) Long Blades
 + Level 10.4(15.4) Armour
 + Level 2.8(7.8) Dodging
 + Level 2.0(7.0) Stealth
 + Level 11.6(16.6) Shields
 + Level 1.3 Invocations
   Level 1.0 Evocations


You had 12 spell levels left.
You didn't know any spells.

Dungeon Overview and Level Annotations

Branches:
Dungeon (12/15)            Temple (1/1) D:7            Lair (2/6) D:10
    Orc (0/2) D:11
  Swamp: Lair:2-4    Shoals: Lair:2-4     Snake: Lair:2-4    Spider: Lair:2-4

Altars:
Cheibriados
Dithmenos
Elyvilon
Gozag
Hepliaklqana
Kikubaaqudgha
Nemelex Xobeh
Okawaru
Qazlal
Ru
Uskayaw
Vehumet
Yredelemnul
Zin
The Shining One
Beogh

Annotations:
Lair:2 Gastronok, Nergalle


Innate Abilities, Weirdness & Mutations

You are small and have problems with some larger weapons.
You are somewhat resistant to further mutation.


Message History

The bat hits you. You block the bat's attack.
You slash Gastronok!
Gastronok looks as sick as possible!
Gastronok is moderately wounded.
The bat closely misses you.
You slice Gastronok!!
Gastronok looks as sick as possible!
Gastronok is heavily wounded.
You block the bat's attack.
You slash Gastronok!
Gastronok looks as sick as possible!
Gastronok is heavily wounded.
The bat hits you but does no damage. Gastronok bites you!!
* * * LOW HITPOINT WARNING * * *
You slash Gastronok!
Gastronok looks as sick as possible!
Gastronok is heavily wounded.
You hit Gastronok.
Gastronok looks as sick as possible!
Gastronok is heavily wounded.
You slice Gastronok!!
Gastronok looks as sick as possible!
Gastronok is severely wounded.
Gastronok waves his eye-stalks in wide circles.
The air twists around and strikes you!
You die...

.. #.#.##...#.##.# ...#
..
...........#.#.####..## .
).....................#
.......................##
.......................##
.....................|..#
P#####.P.....###P##.....#
#..#.....#######...##
..##.....#@#.###...##
..##....#w#..##.....#
#................##
#.%..........#...#
#....#PP.........#
#.##....†.....#....##
#.....".##P####...#
..........##### #...#
...........# ...#


You could see Gastronok.

Vanquished Creatures
  3 two-headed ogres
  2 tengu warriors (D:12)
  3 skeletal warriors (D:9)
  An ugly thing (D:12)
  A cyclops (D:12)
  A deep elf mage (D:9)
  4 elephants (Lair:2)
  Joseph (D:7)
  4 komodo dragons
  3 spiny frogs
  A rime drake (Lair:1)
  2 trolls (D:12)
  2 hippogriffs
  Prince Ribbit (D:7)
  A spriggan (D:9)
  16 yaks
  A wyvern (D:9)
  Grum (D:11)
  A hungry ghost (D:11)
  Duvessa (D:4)
  3 water moccasins
  An acid dragon (D:11)
  6 orc warriors
  4 black bears
  A sky beast (D:9)
  2 ice beasts
  A necrophage (D:6)
  8 ogres
  A phantom (D:5)
  8 centaurs
  2 wolves (D:11)
  The ghost of Lichfox the Grave Robber, an amateur HuNe (D:3)
  2 crocodiles
  8 bullfrogs
  5 big kobolds
  A gnoll sergeant (D:12)
  2 wyvern zombies
  Dowan (D:4)
  3 scorpions
  A water moccasin skeleton (D:10)
  4 killer bees
  7 howler monkeys
  2 centaur zombies (D:10)
  3 crimson imps
  A bullfrog zombie (D:6)
  6 orc priests
  5 hounds
  4 jellies
  6 orc wizards
  5 iguanas
  2 bullfrog skeletons
  3 worker ants
  A hound skeleton (D:4)
  A howler monkey zombie (D:11)
  A worker ant zombie (D:11)
  11 gnolls
  14 adders
  3 oozes (D:1)
  2 adder skeletons
  A worm (D:4)
  3 dart slugs
  8 leopard geckos
  46 orcs
  8 bats
  3 giant cockroaches
  11 goblins
  13 hobgoblins
  13 jackals
  25 kobolds
  3 quokkas
  3 ball pythons
  7 frilled lizards
  2 jackal skeletons
  A leopard gecko skeleton (D:4)
  A rat (D:3)
  A plant (Lair:1)
341 creatures vanquished.

Vanquished Creatures (others)
  2 plants (D:10)
2 creatures vanquished.

Grand Total: 343 creatures vanquished

Notes
Turn   | Place    | Note
-------+----------+-------------------------------------------
     0 | D:1      | Peloso the Halfling Fighter began the quest for the Orb.
     0 | D:1      | Reached XP level 1. HP: 15/15 MP: 1/1
     9 | D:1      | Reached XP level 2. HP: 12/20 MP: 2/2
   306 | D:1      | Reached XP level 3. HP: 26/26 MP: 3/3
  1012 | D:2      | Reached XP level 4. HP: 31/31 MP: 4/4
  1064 | D:2      | Reached skill level 3 in Long Blades
  1464 | D:3      | Noticed Lichfox's ghost (amateur HuNe)
  1469 | D:3      | Killed Lichfox's ghost
  1469 | D:3      | Reached XP level 5. HP: 36/36 MP: 5/5
  1740 | D:2      | Reached skill level 4 in Long Blades
  1764 | D:3      | Reached XP level 6. HP: 4/42 MP: 3/6
  2803 | D:4      | Noticed an ogre
  3045 | D:4      | Noticed Duvessa
  3045 | D:4      | Noticed Dowan
  3075 | D:4      | Killed Duvessa
  3075 | D:4      | Reached skill level 5 in Long Blades
  3075 | D:4      | Reached skill level 1 in Dodging
  3075 | D:4      | Reached XP level 7. HP: 30/47 MP: 7/7
  3085 | D:4      | Killed Dowan
  3085 | D:4      | Reached skill level 5 in Shields
  3370 | D:5      | Entered Level 5 of the Dungeon
  3473 | D:5      | Found a sacrificial altar of Ru.
  3517 | D:5      | Reached skill level 1 in Stealth
  3605 | D:5      | Reached skill level 6 in Long Blades
  3605 | D:5      | Reached XP level 8. HP: 46/54 MP: 8/8
  4364 | D:5      | Reached skill level 5 in Armour
  4546 | D:5      | Reached skill level 7 in Long Blades
  4629 | D:5      | Reached XP level 9. HP: 48/59 MP: 9/9
  5224 | D:6      | Reached skill level 5 in Fighting
  6077 | D:7      | Noticed Joseph
  6099 | D:7      | Killed Joseph
  6099 | D:7      | Reached skill level 8 in Long Blades
  6402 | D:7      | Noticed Prince Ribbit
  6684 | D:7      | Killed Prince Ribbit
  7187 | D:7      | Found a staircase to the Ecumenical Temple.
  7192 | Temple   | Entered the Ecumenical Temple
  7197 | Temple   | Reached XP level 10. HP: 52/67 MP: 10/10
  7245 | Temple   | Became a worshipper of Warmaster Okawaru
  8354 | D:9      | Found a sparkling altar of Nemelex Xobeh.
  8662 | D:9      | Reached skill level 9 in Long Blades
  8681 | D:9      | Reached * piety under Okawaru
  9496 | D:10     | Entered Level 10 of the Dungeon
  9509 | D:10     | Noticed a skeletal warrior
  9509 | D:10     | Noticed a skeletal warrior
  9509 | D:10     | Noticed a skeletal warrior
  9970 | D:9      | Killed a skeletal warrior
 10450 | D:10     | Noticed a two-headed ogre
 10462 | D:10     | Killed a two-headed ogre
 10462 | D:10     | Reached ** piety under Okawaru
 10479 | D:10     | Reached XP level 11. HP: 74/74 MP: 11/11
 10603 | D:10     | Reached *** piety under Okawaru
 10651 | D:10     | Reached skill level 10 in Long Blades
 11097 | D:10     | Noticed a deep elf mage
 11113 | D:9      | Killed a deep elf mage
 11113 | D:9      | Reached skill level 1 in Evocations
 11128 | D:10     | Reached skill level 1 in Invocations
 11205 | D:9      | Killed a skeletal warrior
 11205 | D:9      | Reached **** piety under Okawaru
 11604 | D:9      | Killed a skeletal warrior
 11876 | D:10     | Found a staircase to the Lair.
 12099 | Lair:1   | Entered Level 1 of the Lair of Beasts
 12125 | Lair:1   | Reached ***** piety under Okawaru
 12490 | D:10     | HP: 3/74 [spiny frog (6)]
 12504 | D:10     | HP: 3/74 [poisoned by a spiny frog]
 12510 | D:10     | HP: 2/74 [poisoned by a spiny frog]
 12518 | D:10     | HP: 2/74 [poisoned by a spiny frog]
 12526 | D:10     | HP: 1/74 [poisoned by a spiny frog]
 12982 | Lair:1   | Reached skill level 11 in Long Blades
 13901 | Lair:1   | Reached XP level 12. HP: 78/81 MP: 12/12
 14013 | Lair:2   | Noticed Nergalle
 14217 | D:11     | Found a staircase to the Orcish Mines.
 14232 | D:11     | Found a roughly hewn altar of Beogh.
 14552 | D:10     | Reached skill level 10 in Shields
 14640 | D:11     | Got a vibrating platinum ring
 14642 | D:11     | Identified the ring "Remuemof" {rC+ Int+3 Dex+4 Stlth-} (You found it on level 11 of the Dungeon)
 14838 | D:11     | Found a shadowy altar of Dithmenos.
 14986 | D:11     | Noticed Grum
 15029 | D:11     | Killed Grum
 15716 | D:11     | Reached ****** piety under Okawaru
 15757 | D:11     | Received a gift from Okawaru
 15760 | D:11     | Got a pitted scimitar {god gift}
 15761 | D:11     | Identified the +2 scimitar "Ogreslayer" {protect, rPois Dex+2} (Okawaru gifted it to you on level 11 of the Dungeon)
 15868 | D:11     | Got a scorched falchion
 15869 | D:11     | Identified the cursed +3 falchion "Higg" {drain, *Noise +Inv rPois} (You found it on level 11 of the Dungeon)
 16035 | D:12     | Noticed a two-headed ogre
 16052 | D:12     | Killed a two-headed ogre
 16064 | D:12     | Reached skill level 12 in Long Blades
 16354 | D:12     | Found an opulent altar of Gozag.
 16496 | D:12     | Reached skill level 10 in Armour
 16516 | D:12     | Noticed a tengu warrior
 16532 | D:12     | Noticed a tengu warrior
 16544 | D:12     | Killed a tengu warrior
 16544 | D:12     | Received a gift from Okawaru
 16555 | D:12     | Killed a tengu warrior
 16639 | D:12     | Noticed a two-headed ogre
 16649 | D:12     | Killed a two-headed ogre
 16652 | D:12     | Noticed a seven-headed hydra
 17081 | Lair:2   | Reached XP level 13. HP: 60/88 MP: 13/13
 17287 | Lair:2   | Noticed Gastronok
 17325 | Lair:2   | Killed from afar by Gastronok

Skill      XL: |  1  2  3  4  5  6  7  8  9 10 11 12 |
---------------+-------------------------------------+-----
Fighting       | 3 4 5 6 7 8 |  8.4
Long Blades    | 3 4 5 6 7 8 9 11 12 | 12.6
Shields        | 4 5 7 8 9 11 | 11.6
Armour         | 4 5 6 8 9 10 | 10.4
Dodging        | 1 2 |  2.8
Stealth        | 1 2 |  2.0
Evocations     | 1 |  1.0
Invocations    | 1 |  1.3

Action                   |  1- 3 |  4- 6 |  7- 9 | 10-12 | 13-15 || total
-------------------------+-------+-------+-------+-------+-------++-------
Melee: Long sword        |    84 |   239 |   420 |   164 |       ||   907
       Falchion          |       |       |       |   754 |       ||   754
       Scimitar          |       |       |       |   164 |       ||   164
       Demon blade       |       |       |       |    51 |    50 ||   101
Invok: Heroism           |       |       |       |     8 |     1 ||     9
Evoke: Wand              |       |       |       |     3 |       ||     3
  Use: Potion            |       |     2 |     1 |     3 |       ||     6
       Scroll            |       |     8 |     4 |    12 |       ||    24
 Stab: Paralysed         |       |       |     1 |       |       ||     1
  Eat: Chunk             |       |     6 |    13 |    32 |     2 ||    53
       Fruit             |       |       |     3 |       |       ||     3
       Royal jelly       |       |       |       |     1 |       ||     1
Armor: Scale mail        |     3 |       |       |       |       ||     3
       Chain mail        |    31 |   145 |    96 |    60 |       ||   332
       Plate armour      |       |       |       |   321 |     4 ||   325
Dodge: Dodged            |    22 |    80 |    77 |   282 |     5 ||   466
Block: Shield            |    49 |   151 |   242 |   647 |    22 ||  1111
       Reflection        |       |       |     7 |     1 |       ||     8
       Rpst.: Long sword |     4 |    21 |    27 |    10 |       ||    62
       Falchion          |       |       |       |    44 |       ||    44
       Scimitar          |       |       |       |    10 |       ||    10
       Demon blade       |       |       |       |     5 |     1 ||     6
